Description

Another herO Pvt build but a faster transition into 4 gate blink

VOD

https://www.youtube.com/watch?v=t_5_2COrNrY

Replay - Clem v herO: Game 5 - [ESL] Tropical Sacrifice

Build Order

Get SALT Encoding   

  12  0:00  Probe  
  13  0:15  Pylon  
  13  0:17  Probe  
  14  0:29  Probe (Chrono Boost)  
  14  0:34  Gateway  
  15  0:41  Probe (Chrono Boost)  
  16  0:44  Assimilator  
  16  0:48  Probe (Chrono Boost)  
  17  0:52  Assimilator  
  17  0:55  Probe  
  18  1:07  Probe  
  19  1:19  Probe  
  19  1:21  Cybernetics Core  
  19  1:23  Pylon  
  20  1:31  Probe  
  23  1:44  Probe  
  22  1:54  Adept (Chrono Boost)  
  22  1:58  Stargate  
  25  2:07  Warp Gate  
  24  2:17  Adept  
  26  2:26  Nexus  
  26  2:29  Pylon  
  27  2:40  Oracle (Chrono Boost)  
  31  3:02  Twilight Council  
  34  3:30  Gateway x2  
  36  3:43  Blink (Chrono Boost)  
  40  3:59  Stalker  
  42  4:09  Pylon  
  44  4:22  Pylon  
  46  4:28  Stalker x3  
  54  4:42  Gateway  
  54  4:45  Assimilator  
  56  4:59  Stalker x3  
  63  5:23  Stalker x3  
  69  5:32  Nexus  
  75  5:57  Charge (Chrono Boost)  
  77  6:21  Gateway  
  89  6:54  Forge  
  90  6:57  Gateway  
  104  7:30  Gateway  
  108  7:49  Gateway  
  106  7:55  Zealot x4  
  117  8:04  Zealot x2  
  119  8:17  Zealot x4  
Spawning Tool Build Advisor. Get it on Overwolf

Go to:

Details

  • Created by: Kenosua
  • Published on: Aug 26, 2022
  • Modified on: Aug 26, 2022
  • Patch: 4.11.0
  • Difficulty: Hard
Show
View Real Time Build Order
Export as new Build Order

Comments (0)

There are no comments. Be the first!

Create an account to comment!